 Dungeon Crawl Stone Soup version 0.28.0-43-g3370ac3207 (webtiles) character file.

Game seed: 1494313398395988773

591 DearestLeader the Shield-Bearer (level 7, -1/60 HPs)
             Began as a Gnoll Fighter on Mar 28, 2022.
             Was an Initiate of Makhleb.
             Slain by Duvessa
             ... wielding a +5 short sword of protection
              (11 damage)
             ... on level 5 of the Dungeon.
             The game lasted 00:05:56 (3966 turns).

DearestLeader the Shield-Bearer (Gnoll Fighter)     Turns: 3966, Time: 00:05:57

Health: -1/60      AC: 10    Str: 18    XL:     7   Next: 39%
Magic:  10/10      EV: 10    Int:  7    God:    Makhleb [......]
Gold:   121        SH:  5    Dex: 11    Spells: 10/10 levels left

rFire   + . .      SeeInvis .   a - +0 war axe
rCold   . . .      Faith    .   c - +0 buckler
rNeg    + . .      Spirit   .   b - +0 scale mail
rPois   .          Reflect  .   o - +0 helmet
rElec   .          Harm     .   (no cloak)
rCorr   .          Rampage  .   (no gloves)
Will    .....                   m - +0 pair of boots
Stlth   +.........              (no amulet)
HPRegen 0.20/turn               k - ring of protection from fire
MPRegen 0.12/turn               s - ring of positive energy

@: hasted, very quick
A: fangs 1, strong nose, distributed training
a: Renounce Religion


You were on level 5 of the Dungeon.
You worshipped Makhleb.
Makhleb was noncommittal.
You visited 2 branches of the dungeon, and saw 6 of its levels.

You collected 275 gold pieces.
You spent 154 gold pieces at shops.

Inventory:

Hand Weapons
 a - a +0 war axe (weapon)
Missiles
 f - 5 javelins (quivered)
Armour
 b - a +0 scale mail (worn)
 c - a +0 buckler (worn)
 m - a +0 pair of boots (worn)
 o - a +0 helmet (worn)
 t - the +1 leather armour of Nuith {*Corrode rF- Int+2 Dex+6}
   (You bought it in a shop on level 3 of the Dungeon)

   Int:       It affects your intelligence (+2).
   Dex:       It affects your dexterity (+6).
   rF:        It makes you vulnerable to fire.
   *Corrode:  It may corrode you when you take damage.
Jewellery
 k - a ring of protection from fire (left hand)
 n - a +6 ring of strength
 s - a ring of positive energy (right hand)
Wands
 d - a wand of flame (25)
Scrolls
 h - a scroll of amnesia
 i - 2 scrolls of enchant armour
 p - a scroll of brand weapon {unknown}
 q - a scroll of silence {unknown}
Potions
 g - a potion of brilliance
 j - a potion of heal wounds
 r - a potion of lignification {unknown}


   Skills:
 + Level 7.0 Fighting
 + Level 2.4 Short Blades
 + Level 2.4 Long Blades
 + Level 5.2 Axes
 + Level 2.4 Maces & Flails
 + Level 2.4 Polearms
 + Level 2.4 Staves
 + Level 2.4 Slings
 + Level 2.4 Bows
 + Level 2.4 Crossbows
 + Level 2.4 Throwing
 + Level 7.0 Armour
 + Level 2.4 Dodging
 + Level 2.4 Stealth
 + Level 7.0 Shields
 + Level 2.4 Unarmed Combat
 + Level 2.4 Spellcasting
 + Level 2.0 Conjurations
 + Level 2.0 Hexes
 + Level 2.0 Summonings
 + Level 2.0 Necromancy
 + Level 2.0 Translocations
 + Level 2.0 Transmutations
 + Level 2.0 Fire Magic
 + Level 2.0 Ice Magic
 + Level 2.0 Air Magic
 + Level 2.0 Earth Magic
 + Level 2.0 Poison Magic
 + Level 2.7 Invocations
 + Level 2.4 Evocations


You had 10 spell levels left.
You didn't know any spells.
Your spell library contained the following spells:

 Spells                   Type           Power      Damage    Failure   Level
 Summon Small Mammal      Summ           12%        N/A       50%         1
 Call Canine Familiar     Summ           3%         N/A       86%         3
 Summon Guardian Golem    Hex/Summ       3%         N/A       86%         3


Dungeon Overview and Level Annotations

Branches:
Dungeon (5/15)             Temple (1/1) D:4

Altars:
Dithmenos
Makhleb
Nemelex Xobeh
Qazlal
Yredelemnul

Shops:
D:3 [!(([

Annotations:
D:5 Duvessa


Innate Abilities, Weirdness & Mutations

You have very sharp teeth.
Your uncanny sense of smell can sniff out nearby items.
Your experience applies equally to all skills.


Message History

Duvessa hits you with a +5 short sword of protection!
You closely miss Duvessa.
Duvessa is heavily wounded.
Duvessa closely misses you.
You hit Duvessa but do no damage.
Duvessa is heavily wounded.
Duvessa says, "When magic and the sword combine, nothing stands against them."
Duvessa hits you with a +5 short sword of protection.
You hit Duvessa but do no damage.
Duvessa is heavily wounded.
You block Duvessa's attack. x2
You feel yourself speed up. You block Duvessa's attack.
You hit Duvessa.
Duvessa is severely wounded.
Duvessa hits you with a +5 short sword of protection.
You closely miss Duvessa.
Duvessa is severely wounded.
You closely miss Duvessa. You bite Duvessa, but do no damage.
Duvessa is severely wounded.
You block Duvessa's attack.
You barely miss Duvessa.
Duvessa is severely wounded.
Duvessa misses you.
You hit Duvessa but do no damage.
Duvessa is severely wounded.
Duvessa hits you with a +5 short sword of protection.
You barely miss Duvessa.
Duvessa is severely wounded.
Duvessa hits you with a +5 short sword of protection.
* * * LOW HITPOINT WARNING * * *
You hit Duvessa.
Duvessa is severely wounded.
Duvessa hits you with a +5 short sword of protection!
* * * LOW HITPOINT WARNING * * *
You closely miss Duvessa.
Duvessa is severely wounded.
Okay, then.
It was a potion of magic.
Magic courses through your body.
Duvessa hits you with a +5 short sword of protection!
You die...

#### ###...## #......#
#......## #.......##
#.......# #.......#####
#....@e......
##..†##...... #...##
##... #....# # ###
#....## ###.####
###.....######......###
#......................
#......................
#......#########....###


You could see Duvessa.

Vanquished Creatures
  Grinder (D:3)
  An ogre (D:4)
  A phantom (D:4)
  A hound (D:5)
  An iguana (D:4)
  A hound zombie (D:3)
  A hound skeleton (D:4)
  Robin (D:3)
  4 adders
  A shadow imp (D:4)
  An adder skeleton (D:3)
  7 dart slugs
  7 orcs
  6 ball pythons
  2 endoplasms (D:1)
  3 giant cockroaches
  11 goblins
  6 hobgoblins
  2 jackals (D:3)
  3 kobolds
  8 quokkas
  5 bats
  5 frilled lizards
  2 rats
81 creatures vanquished.

Notes
Turn   | Place    | Note
-------+----------+-------------------------------------------
     0 | D:1      | DearestLeader the Gnoll Fighter began the quest for the
                  | Orb.
     0 | D:1      | Reached XP level 1. HP: 23/23 MP: 1/1
    66 | D:1      | Reached XP level 2. HP: 21/29 MP: 2/2
   686 | D:1      | Found a faded altar of an unknown god.
   739 | D:1      | Reached XP level 3. HP: 27/35 MP: 3/3
  1227 | D:2      | You fall into a shaft and drop 2 floors!
  1256 | D:3      | Reached skill level 1 in Invocations
  1276 | D:3      | Found Fierch's Antique Armour Shoppe.
  1301 | D:3      | Reached skill level 1 in Short Blades
  1301 | D:3      | Reached skill level 1 in Long Blades
  1301 | D:3      | Reached skill level 1 in Maces & Flails
  1301 | D:3      | Reached skill level 1 in Polearms
  1301 | D:3      | Reached skill level 1 in Staves
  1301 | D:3      | Reached skill level 1 in Slings
  1301 | D:3      | Reached skill level 1 in Bows
  1301 | D:3      | Reached skill level 1 in Crossbows
  1301 | D:3      | Reached skill level 1 in Throwing
  1301 | D:3      | Reached skill level 1 in Dodging
  1301 | D:3      | Reached skill level 1 in Stealth
  1301 | D:3      | Reached skill level 1 in Unarmed Combat
  1301 | D:3      | Reached skill level 1 in Spellcasting
  1301 | D:3      | Reached skill level 1 in Evocations
  1301 | D:3      | Reached XP level 4. HP: 37/41 MP: 5/5
  2038 | D:3      | Noticed Robin
  2041 | D:3      | Reached skill level 1 in Conjurations
  2041 | D:3      | Reached skill level 1 in Hexes
  2041 | D:3      | Reached skill level 1 in Summonings
  2041 | D:3      | Reached skill level 1 in Necromancy
  2041 | D:3      | Reached skill level 1 in Translocations
  2041 | D:3      | Reached skill level 1 in Transmutations
  2041 | D:3      | Reached skill level 1 in Fire Magic
  2041 | D:3      | Reached skill level 1 in Ice Magic
  2041 | D:3      | Reached skill level 1 in Air Magic
  2041 | D:3      | Reached skill level 1 in Earth Magic
  2041 | D:3      | Reached skill level 1 in Poison Magic
  2060 | D:3      | Killed Robin
  2070 | D:3      | Reached XP level 5. HP: 36/47 MP: 6/6
  2139 | D:3      | Found Xeginwol's Weapon Boutique.
  2189 | D:3      | Noticed Grinder
  2211 | D:3      | Paralysed by Grinder for 6 turns
  2221 | D:3      | Killed Grinder
  2222 | D:3      | Reached skill level 5 in Axes
  2222 | D:3      | Reached XP level 6. HP: 22/53 MP: 7/9
  2417 | D:3      | Found Ycvaokui's Antique Armour Boutique.
  2568 | D:3      | Found Raunt's Antique Weapon Boutique.
  2593 | D:3      | Found Fuj Zong's Distillery.
  3130 | D:4      | Reached XP level 7. HP: 37/59 MP: 10/10
  3379 | D:4      | Found a staircase to the Ecumenical Temple.
  3438 | Temple   | Entered the Ecumenical Temple
  3450 | Temple   | Became a worshipper of Makhleb the Destroyer
  3816 | D:3      | Bought an aquamarine-encrusted leather armour for 154 gold
                  | pieces
  3816 | D:3      | Identified the +1 leather armour of Nuith {*Corrode rF-
                  | Int+2 Dex+6} (You bought it in a shop on level 3 of the
                  | Dungeon)
  3847 | D:5      | Entered Level 5 of the Dungeon
  3940 | D:5      | Noticed Duvessa
  3966 | D:5      | Slain by Duvessa

Illustrated notes

Levels and vault maps discovered:
D:1:      roderic_dead_forest, layout_basic, shapermc_ecumenical_altar_petra
D:2:      layout_basic
D:3:      layout_rooms, serial_shops, shop, nicolae_shop_window_shopping, shop,
          nicolae_shop_trees, nicolae_shop_bloodbath_and_beyond,
          grunt_ministairs_5, uniq_robin, uniq_grinder
D:4:      layout_basic, temple_hall
D:5:      layout_layer_cave, gup_sewer_entry_glass, grunt_ministairs_8,
          nicolae_take_the_stairs, kennysheep_generic_room_16,
          uniq_crazy_yiuf_cottage, uniq_duvessa, uniq_pikel
Temple:   mainiacjoe_temple_coin_purse

Skill      XL: |  1  2  3  4  5  6  7 |
---------------+----------------------+-----
Invocations    | 1 2 |  2.7
Short Blades   | 1 2 |  2.4
Long Blades    | 1 2 |  2.4
Maces & Flails | 1 2 |  2.4
Polearms       | 1 2 |  2.4
Staves         | 1 2 |  2.4
Slings         | 1 2 |  2.4
Bows           | 1 2 |  2.4
Crossbows      | 1 2 |  2.4
Throwing       | 1 2 |  2.4
Dodging        | 1 2 |  2.4
Stealth        | 1 2 |  2.4
Unarmed Combat | 1 2 |  2.4
Spellcasting   | 1 2 |  2.4
Evocations     | 1 2 |  2.4
Conjurations   | 1 2 |  2.0
Hexes          | 1 2 |  2.0
Summonings     | 1 2 |  2.0
Necromancy     | 1 2 |  2.0
Translocations | 1 2 |  2.0
Transmutations | 1 2 |  2.0
Fire Magic     | 1 2 |  2.0
Ice Magic      | 1 2 |  2.0
Air Magic      | 1 2 |  2.0
Earth Magic    | 1 2 |  2.0
Poison Magic   | 1 2 |  2.0
Axes           | 5 |  5.2
Fighting       | 7 |  7.0
Armour         | 7 |  7.0
Shields        | 7 |  7.0

Action                   |  1- 3 |  4- 6 |  7- 9 || total
-------------------------+-------+-------+-------++-------
Melee: War axe           |    68 |   122 |    52 ||   242
       Bite              |     4 |     9 |    15 ||    28
  Use: Scroll            |       |     3 |     2 ||     5
       Potion            |       |     2 |     3 ||     5
Armor: Scale mail        |    47 |    51 |    20 ||   118
Dodge: Dodged            |    22 |    52 |    18 ||    92
Block: Buckler           |    19 |    30 |    14 ||    63
